 Dungeon Crawl Stone Soup version 0.28-a0-863-g8cecda6153 (webtiles) character file.

Game seed: 2093412175750654669

12639 Crownlay the Thaumaturge (level 11, -5/54 HPs)
             Began as a Gargoyle Earth Elementalist on Nov 18, 2021.
             Was a Priest of Vehumet.
             Slain by a centaur warrior simulacrum (26 damage)
             ... on level 12 of the Dungeon on Nov 19, 2021.
             The game lasted 00:27:29 (16175 turns).

Crownlay the Thaumaturge (GrEE)                    Turns: 16175, Time: 00:27:31

Health: -5/54      AC: 15    Str: 13    XL:     11   Next: 96%
Magic:  30/36      EV: 11    Int: 18    God:    Vehumet [***...]
Gold:   903        SH:  5    Dex: 10    Spells: 17/34 levels left

rFire   . . .      SeeInvis .   C - staff of conjuration
rCold   . . .      Faith    .   (no shield)
rNeg    + . .      Spirit   .   E - +0 steam dragon scales
rPois   ∞          Reflect  +   k - +0 helmet
rElec   +          Harm     .   (no cloak)
rCorr   +          Rampage  .   (no gloves)
Will    .....                   a - +0 pair of boots
Stlth   ++........              i - amulet of reflection
HPRegen 0.18/turn               u - ring of magical power
MPRegen 0.25/turn               D - ring of resist corrosion

@: no status effects
A: sickness immunity, AC +8, negative energy resistance 1, electricity
resistance, torment resistance 1, petrification resistance
a: Renounce Religion


You were on level 12 of the Dungeon.
You worshipped Vehumet.
Vehumet was most pleased with you.
You visited 2 branches of the dungeon, and saw 13 of its levels.
You also visited: Ossuary.

You collected 903 gold pieces.

Inventory:

Hand Weapons
 r - the +6 morningstar "Ijuw Wej" {holy, rF- rN+ SInv}
   (You found it on level 4 of the Dungeon)

   It has been blessed by the Shining One to cause great damage to the undead
   and demons.
   rF:        It makes you vulnerable to fire.
   rN:        It protects you from negative energy.
   SInv:      It lets you see invisible.
Armour
 a - a +0 pair of boots (worn)
 k - a +0 helmet (worn)
 E - +0 steam dragon scales (worn)
Magical Staves
 C - a staff of conjuration (weapon)
Jewellery
 i - an amulet of reflection (around neck)
 u - a ring of magical power (left hand)
 D - a ring of resist corrosion (right hand)
Wands
 t - a wand of iceblast (10)
 A - a wand of flame (11)
 G - a wand of polymorph (12)
 H - a wand of paralysis (22)
 J - a wand of charming (9)
Scrolls
 g - a scroll of holy word
 h - 5 scrolls of teleportation
 m - 4 scrolls of vulnerability
 p - a scroll of immolation {unknown}
 w - 4 scrolls of blinking
 y - 2 scrolls of amnesia {unknown}
 B - a scroll of enchant weapon {unknown}
 I - a scroll of noise {unknown}
 K - 3 scrolls of fear {unknown}
Potions
 d - 2 potions of mutation
 e - a potion of invisibility {unknown}
 f - 2 potions of ambrosia
 j - a potion of berserk rage {unknown}
 l - 2 potions of might {unknown}
 n - 5 potions of magic
 o - 4 potions of brilliance
 q - 3 potions of heal wounds
 s - a potion of haste {unknown}
 v - 5 potions of curing
 x - 2 potions of flight
 z - 2 potions of lignification
 F - a potion of resistance {unknown}
Miscellaneous
 b - a condenser vane (inert)


   Skills:
 - Level 1.5 Dodging
 - Level 2.1 Stealth
 - Level 12.0 Spellcasting
 + Level 10.6 Conjurations
 - Level 5.0 Summonings
 - Level 0.7 Transmutations
 - Level 2.2 Ice Magic
 - Level 10.0 Earth Magic


You had 17 spell levels left.
You knew the following spells:

 Your Spells              Type           Power      Damage    Failure   Level
a - Sandblast             Erth           92%        2d19      1%          1
b - Stone Arrow           Conj/Erth      100%       3d13      1%          3
c - Spellforged Servitor  Conj/Summ      27%        N/A       47%         7
d - Iron Shot             Conj/Erth      32%        9d7       4%          6

Your spell library contained the following spells:

 Spells                   Type           Power      Damage    Failure   Level
 Inner Flame              Hex/Fire       10%        N/A       5%          3
 Passwall                 Tmut/Erth      25%        N/A       1%          2
 Dazzling Flash           Conj/Hex       88%        N/A       1%          3
 Iskenderun's Battlesphe  Conj           65%        2d11      1%          5
 Frozen Ramparts          Ice            36%        1d5       2%          3
 Slow                     Hex            40%        N/A       6%          1
 Ensorcelled Hibernation  Hex/Ice        28%        N/A       6%          2
 Petrify                  Tmut/Erth      30%        N/A       7%          4
 Ozocubu's Armour         Ice            18%        N/A       8%          3
 Summon Ice Beast         Ice/Summ       23%        N/A       14%         4
 Spider Form              Tmut/Pois      12%        N/A       17%         3
 Confusing Touch          Hex            10%        N/A       19%         3
 Tukima's Dance           Hex            10%        N/A       19%         3
 Vampiric Draining        Necr           10%        2d6       19%         3
 Ice Form                 Ice/Tmut       16%        N/A       34%         4
 Agony                    Necr           10%        N/A       87%         5
 Silence                  Hex/Air        5%         N/A       87%         5
 Ozocubu's Refrigeration  Ice            9%         4d6       99%         7


Dungeon Overview and Level Annotations

Branches:
Dungeon (12/15)            Temple (1/1) D:5            Lair (0/6) D:9
    Orc (0/2) D:12        Ossuary (visited)

Altars:
Ashenzari
Cheibriados
Dithmenos
Elyvilon
Fedhas
Gozag
Hepliaklqana
Kikubaaqudgha
Makhleb
Nemelex Xobeh
Okawaru
Qazlal
Ru
Sif Muna
Trog
Uskayaw
Vehumet
Wu Jian
Xom
Yredelemnul
Zin
The Shining One

Portals:
Trove: D:10 (give horn of Geryon)

Annotations:
D:7 exclusion: ice statue
D:12 Cishun's ghost, journeyman DsFi


Innate Abilities, Weirdness & Mutations

You are immune to sickness and miasma.
Your stone body is resilient. (AC +8)
You are immune to poison.
You resist negative energy. (rN+)
You are resistant to electric shocks. (rElec)
You are resistant to unholy torment.
You are immune to petrification.


Message History

Could not explore, unopened runed door.
Could not explore, unopened runed door.
Could not explore, unopened runed door.
Could not explore, unopened runed door.
Level annotation: 3 runed translucent doors, Cishun's ghost, journeyman DsFi Welcome back, Crownlay the Gargoyle Earth Elementalist.
Vehumet says: Let it end in hellfire!
Press ? for a list of commands and other information.
Okay, then.
You open the gate.
The centaur warrior simulacrum hits you but does no damage.
The centaur warrior simulacrum kicks you but does no damage.
Clouds of noxious fumes condense around you!
The condenser dries out!
The rime drake is engulfed in noxious fumes.
You feel a surge of power!
The stone arrow hits the rime drake!!
The rime drake is severely wounded.
The centaur warrior simulacrum completely misses you.
The centaur warrior simulacrum kicks you but does no damage.
The rime drake is engulfed in noxious fumes.
The rime drake appears confused.
The centaur warrior simulacrum closely misses you.
The centaur warrior simulacrum completely misses you.
The centaur warrior simulacrum hits you but does no damage.
You block the centaur warrior simulacrum's attack.
You feel a surge of power!
The stone arrow hits the centaur warrior simulacrum!!
The centaur warrior simulacrum is almost destroyed.
The centaur warrior simulacrum hits you.
The centaur warrior simulacrum freezes you!!
Ouch! That really hurt!
The centaur warrior simulacrum barely misses you.
The rime drake is engulfed in noxious fumes.
The rime drake appears confused.
The rime drake bites the centaur warrior simulacrum.
The rime drake bites itself.
The centaur warrior simulacrum hits you but does no damage.
The centaur warrior simulacrum kicks you.
The centaur warrior simulacrum freezes you!!
You die...

#.....)..# #.##### #
#........#########.....## #
#......[.##........###..###
#........#.....##### ##....
#.)........}.###....Z #...#
#.......)>..##........##..#
#..........##....###.Z.#.##
#.######...#....##...Z.#.##
#.# #..@#Z...#....Z##.##
#.# #.ZZZ§§.##(....#...#
#.# #..kZ§§.#:.=.kZ#...#
#.# #..§§§§.#?...#k##...
#.# #..§#§..##k. #..#.##
#.######...#$...# #..#.#
#..........##....###.$.#.#
#.######.#..###.......##.#
#.# #.##...###..Z###..##


You could see a rime drake (confused) and 5 centaur warrior simulacra.

Vanquished Creatures
  An ogre mage (D:9)
  A boulder beetle (D:12)
  A two-headed ogre (D:9)
  3 ugly things
  2 manticores
  Maggie (D:7)
  3 unseen horrors (D:12)
  A troll (D:10)
  A polar bear (D:11)
  2 hornets
  A shadow (D:9)
  A vampire (D:11)
  4 wraiths
  2 wyverns
  Eustachio (D:5)
  A basilisk (D:12)
  4 vampire mosquitoes (D:10)
  2 wargs (D:9)
  A steam dragon (D:9)
  Menkaure (D:6)
  An acid dragon (D:12)
  A floating eye (shapeshifter) (D:8)
  4 ice beasts (D:11)
  8 orc warriors
  2 ogres
  2 necrophages
  A wolf (D:11)
  5 centaurs (D:8)
  A kobold brigand (D:7)
  A phantom (D:7)
  4 bullfrogs
  A gnoll sergeant (D:7)
  3 killer bees (D:9)
  8 wights
  2 howler monkeys (D:8)
  2 jellies
  2 electric eels (D:11)
  2 centaur zombies
  2 bullfrog zombies (D:5)
  3 bullfrog skeletons
  A hound (D:5)
  12 orc priests
  10 orc wizards
  A killer bee zombie (D:8)
  8 mummies (Ossuary)
  Robin (D:2)
  8 gnolls
  9 adders
  A howler monkey skeleton (D:5)
  6 white imps
  2 ufetubi
  An adder skeleton (D:4)
  2 worms (D:4)
  2 dart slugs
  57 orcs
  4 ball pythons
  3 endoplasms
  4 giant cockroaches
  17 goblins
  16 hobgoblins
  2 jackals (D:2)
  11 kobolds
  5 quokkas
  2 bats (D:2)
  A gnoll zombie (Ossuary)
  2 hobgoblin zombies (Ossuary)
  3 kobold zombies (Ossuary)
  2 orc zombies (Ossuary)
  2 rats (D:1)
284 creatures vanquished.

Vanquished Creatures (others)
  41 plants
41 creatures vanquished.

Grand Total: 325 creatures vanquished

Notes
Turn   | Place    | Note
-------+----------+-------------------------------------------
     0 | D:1      | Crownlay the Gargoyle Earth Elementalist began the quest
                  | for the Orb.
     0 | D:1      | Reached XP level 1. HP: 10/10 MP: 3/3
    32 | D:1      | Found a faded altar of an unknown god.
   372 | D:1      | Reached XP level 2. HP: 15/15 MP: 5/5
   918 | D:2      | Reached XP level 3. HP: 16/19 MP: 7/7
   922 | D:2      | Learned a level 3 spell: Stone Arrow
  1043 | D:2      | Found a shadowy altar of Dithmenos.
  1087 | D:2      | Reached skill level 3 in Spellcasting
  1212 | D:2      | Reached XP level 4. HP: 17/24 MP: 1/9
  1697 | D:2      | Noticed Robin
  1972 | D:2      | Killed Robin
  2480 | D:3      | Reached skill level 4 in Spellcasting
  2480 | D:3      | Reached XP level 5. HP: 28/28 MP: 4/11
  2555 | D:3      | Reached skill level 5 in Earth Magic
  3777 | D:4      | Noticed a necrophage
  3785 | D:4      | Killed a necrophage
  3786 | D:4      | Reached skill level 5 in Spellcasting
  3786 | D:4      | Reached XP level 6. HP: 29/32 MP: 6/13
  4323 | D:4      | Reached XP level 7. HP: 36/36 MP: 13/15
  4894 | D:4      | Identified the +6 morningstar "Ijuw Wej" {holy, rF- rN+
                  | SInv}
  5034 | D:5      | Entered Level 5 of the Dungeon
  5039 | D:5      | Reached skill level 6 in Spellcasting
  5294 | D:5      | Reached XP level 8. HP: 37/41 MP: 8/18
  5401 | D:5      | Reached skill level 7 in Spellcasting
  5522 | D:5      | Noticed Eustachio
  5529 | D:5      | Killed Eustachio
  5530 | D:5      | Reached skill level 1 in Conjurations
  5603 | D:5      | Found a bloodstained altar of Trog.
  5709 | D:5      | Found a staircase to the Ecumenical Temple.
  5740 | Temple   | Entered the Ecumenical Temple
  6069 | D:6      | Identified a scroll of acquirement
  6102 | D:6      | Found a radiant altar of Vehumet.
  6111 | D:6      | Became a worshipper of Vehumet
  6197 | D:6      | Noticed Menkaure
  6201 | D:6      | Killed Menkaure
  6349 | D:6      | Found a sand-covered staircase.
  6359 | Ossuary  | Entered an ossuary
  6611 | Ossuary  | Reached * piety under Vehumet
  6611 | Ossuary  | Offered knowledge of Magic Dart by Vehumet.
  6816 | D:6      | Reached XP level 9. HP: 45/45 MP: 17/19
  7247 | D:6      | Noticed a purple ugly thing
  7257 | D:6      | Killed a purple ugly thing
  7258 | D:6      | Reached skill level 5 in Conjurations
  7501 | D:7      | Found an ornate altar of the Wu Jian Council.
  7558 | D:7      | Reached skill level 10 in Earth Magic
  7730 | D:7      | Noticed Maggie
  7735 | D:7      | Killed Maggie
  8087 | D:7      | Noticed an ice statue
  8222 | D:7      | Identified the +5 long sword "Feamo" {venom, rF- Str+2
                  | Dex+2}
  8586 | D:7      | Found a shimmering altar of Xom.
  8722 | D:7      | Reached skill level 8 in Spellcasting
  9104 | D:8      | Noticed a water nymph
  9387 | D:8      | Reached XP level 10. HP: 26/50 MP: 21/22
  9642 | D:8      | Reached skill level 9 in Spellcasting
  9787 | D:8      | Found a glowing golden altar of the Shining One.
  9804 | D:8      | Reached ** piety under Vehumet
  9804 | D:8      | Offered knowledge of Scorch by Vehumet.
 10900 | D:9      | Noticed an ogre mage
 10903 | D:9      | Killed an ogre mage
 10904 | D:9      | Reached skill level 10 in Spellcasting
 11016 | D:9      | Found a staircase to the Lair.
 11034 | D:9      | HP: 2/50 [warg (13)]
 11483 | D:9      | Noticed a two-headed ogre
 11489 | D:9      | Killed a two-headed ogre
 11878 | D:10     | Entered Level 10 of the Dungeon
 11890 | D:10     | Found a hide-covered altar of Uskayaw.
 12032 | D:10     | Reached XP level 11. HP: 54/54 MP: 25/25
 12034 | D:10     | Reached skill level 11 in Spellcasting
 12034 | D:10     | Reached skill level 1 in Ice Magic
 12099 | D:10     | Found a broken altar of Ashenzari.
 12216 | D:10     | Found a portal to a secret trove of treasure.
 12839 | D:10     | Found an opulent altar of Gozag.
 12839 | D:10     | Found a burning altar of Makhleb.
 12930 | D:10     | Acquired a book of Power
 13083 | D:11     | Offered knowledge of Searing Ray by Vehumet.
 13084 | D:11     | Reached skill level 1 in Summonings
 13364 | D:11     | Noticed a white ugly thing
 13372 | D:11     | Killed a white ugly thing
 14067 | D:11     | Noticed a manticore
 14072 | D:11     | Killed a manticore
 14448 | D:11     | Learned a level 7 spell: Spellforged Servitor
 14455 | D:11     | Learned a level 6 spell: Iron Shot
 14530 | D:12     | Noticed Cishun's ghost (journeyman DsFi)
 14572 | D:12     | Found a runed translucent gate.
 14572 | D:12     | Found a runed translucent gate.
 14572 | D:12     | Found a runed translucent gate.
 14572 | D:12     | Noticed a manticore
 14578 | D:12     | Killed a manticore
 14718 | D:12     | Reached skill level 10 in Conjurations
 14718 | D:12     | Noticed a boulder beetle
 14730 | D:12     | Killed a boulder beetle
 14975 | D:12     | Noticed a white ugly thing
 14978 | D:12     | Killed a white ugly thing
 15094 | D:12     | Reached skill level 12 in Spellcasting
 15371 | D:12     | Reached *** piety under Vehumet
 15625 | D:12     | Offered knowledge of Inner Flame by Vehumet.
 15724 | D:12     | Found a staircase to the Orcish Mines.
 15796 | D:12     | Reached skill level 5 in Summonings
 16175 | D:12     | Slain by a centaur warrior simulacrum

Illustrated notes

Levels and vault maps discovered:
D:1:      lightli_arrival_quake, layout_loops_ring,
          hellmonk_ecumenical_altar_pennies_from_heaven
D:2:      layout_loops_corners, basic_altar, uniq_robin
D:3:      layout_basic
D:4:      corexii_shack_village, layout_basic, kennysheep_boxes
D:5:      layout_cave_pools, lemuel_tele_altar, minmay_temple_entry_sparse_star,
          kennysheep_nondescript, minmay_statues_item, saegor_snake_ambush,
          uniq_eustachio
D:6:      layout_basic, nicolae_vehumet_radiance, chequers_ossuary_entry_cave,
          kennysheep_doodads, uniq_menkaure
D:7:      lemuel_ice_statue, layout_basic, kennysheep_little_box,
          nicolae_wu_jian_wuxing_cycle, feat_on_display, uniq_maggie
D:8:      nicolae_whirlpool, layout_basic, mainiacjoe_overflow_surrounded_room,
          minmay_parallelograms
D:9:      layout_basic, erik_lair_orcish_takeover, minmay_misc_feat_encased,
          chequers_jeans, kennysheep_just_a_vault
D:10:     layout_stronghold, evilmike_ruin_ashenzari, lemuel_crystal_altar,
          gammafunk_temple_overflow_pools, nicolae_trove_entry_columns
D:11:     layout_loops_ring, serial_ice, serial_ice_a, serial_ice_g,
          serial_ice_l, serial_ice_e, serial_ice_o
D:12:     layout_small_grid, hiddenorc2_lemuel, gammafunk_ghost_icy,
          minmay_misc_feat_pillars
Temple:   dshaligram_water_room_temple

Skill      XL: |  1  2  3  4  5  6  7  8  9 10 11 |
---------------+----------------------------------+-----
Earth Magic    | 4 5 6 7 9 10 | 10.0
Spellcasting   | 3 4 5 6 7 8 10 12 | 12.0
Conjurations   | 4 7 9 10 | 10.6
Ice Magic      | 2 |  2.2
Summonings     | 5 |  5.0
Dodging        | |  1.5
Stealth        | |  2.1
Transmutations | |  0.7

Action                   |  1- 3 |  4- 6 |  7- 9 | 10-12 || total
-------------------------+-------+-------+-------+-------++-------
Melee: Short sword       |    69 |   113 |       |       ||   182
       Staff             |       |       |       |     6 ||     6
       Morningstar       |       |       |       |     1 ||     1
 Cast: Sandblast         |     8 |    82 |   125 |   149 ||   364
       Stone Arrow       |       |     3 |    63 |   120 ||   186
Evoke: Wand              |       |       |       |    10 ||    10
       Condenser vane    |       |       |       |     1 ||     1
  Use: Scroll            |       |       |    11 |     6 ||    17
 Stab: Sleeping          |     4 |     1 |       |       ||     5
Armor: Robe              |    21 |    43 |     6 |       ||    70
       Steam dragon scal |       |       |     5 |    91 ||    96
Dodge: Dodged            |    28 |    88 |    27 |    68 ||   211
Block: Other             |       |    11 |    11 |    20 ||    42
       Reflection        |       |       |     1 |     3 ||     4

Table legend: (Time is in decaauts)
 A = Elapsed time spent in this place.
 B = Non-inter-level travel time spent in this place.
 C = Inter-level travel time spent in this place.
 D = Time resting spent in this place.
 E = Time spent auto-exploring this place.
 F = Levels seen in this place.
 G = Mean time per level.
                   A        B        C        D        E       F      G
               +--------+--------+--------+--------+--------+-----+--------+
         Total |  16173 |  15702 |    471 |      0 |  13696 |  14 | 1155.2 |
       Dungeon |  15638 |  15187 |    451 |      0 |  13287 |  12 | 1303.2 |
        Temple |     90 |     70 |     20 |      0 |     60 |   1 |   90.0 |
       Ossuary |    444 |    444 |      0 |      0 |    349 |   1 |  444.0 |
               +--------+--------+--------+--------+--------+-----+--------+

Top non-repeatable levels by time:
     D:8: 1743 daAuts
    D:12: 1686 daAuts
    D:11: 1535 daAuts
     D:4: 1531 daAuts
     D:9: 1356 daAuts
     D:7: 1323 daAuts
     D:2: 1274 daAuts
     D:3: 1192 daAuts
     D:1: 1100 daAuts
    D:10: 1091 daAuts
     D:6: 959 daAuts
     D:5: 842 daAuts
 Ossuary: 444 daAuts
  Temple: 90 daAuts
